 Dungeon Crawl Stone Soup version 0.20.0 (webtiles) character file.

60 Llamajah the Shield-Bearer (level 4, 0/37 HPs)
             Began as a Formicid Fighter on June 19, 2017.
             Killed by nerve-wracking pain
             ... invoked by Grinder
              (4 damage)
             ... on level 3 of the Dungeon.
             The game lasted 00:02:49 (1073 turns).

Llamajah the Shield-Bearer (Formicid Fighter)       Turns: 1073, Time: 00:02:51

Health: 0/37       AC:  6    Str: 22    XL:     4   Next: 25%
Magic:  4/4        EV:  8    Int:  7    God:
Gold:   112        SH:  9    Dex: 10    Spells: 3/3 levels left

rFire    . . .     SeeInvis +   a - +0 war axe
rCold    . . .     Gourm    .   c - +0 shield
rNeg     . . .     Faith    .   b - +0 scale mail
rPois    .         Spirit   .   (helmet unavailable)
rElec    .         Reflect  .   (no cloak)
rCorr    .         Harm     .   (no gloves)
MR       .....                  (no boots)
Stlth    ..........             (no amulet)
Regen    0.2/turn               (no ring)
MPRegen  0.1/turn               (no ring)

@: no status effects
A: permanent stasis, dig shafts and tunnels, four strong arms, antennae 3
a: Dig, Shaft Self


You were on level 3 of the Dungeon.
You were not hungry.

You visited 1 branch of the dungeon, and saw 3 of its levels.

You collected 112 gold pieces.

Inventory:

Hand Weapons
 a - a +0 war axe (weapon)
Armour
 b - a +0 scale mail (worn)
 c - a +0 shield (worn)
Scrolls
 e - 4 scrolls of identify {unknown}
 g - a scroll of fear {unknown}
 i - 2 scrolls of remove curse {unknown}
 m - a scroll of enchant armour {unknown}
 o - a scroll of random uselessness {unknown}
Potions
 d - a potion of might
 h - a potion of berserk rage {unknown}
 k - a potion of curing {unknown}
 l - a potion of ambrosia {unknown}
Comestibles
 f - a bread ration
 j - a meat ration
 n - a chunk of flesh


   Skills:
 + Level 3.7 Fighting
 + Level 2.2 Axes
 + Level 3.6 Armour
 * Level 1.7 Dodging
 + Level 4.1 Shields


You had 3 spell levels left.
You didn't know any spells.

Dungeon Overview and Level Annotations

Branches:
Dungeon (3/15)

Altars:
The Shining One

Annotations:
D:3 Grinder


Innate Abilities, Weirdness & Mutations

You cannot be hasted, slowed, berserked, paralysed or teleported.
You can dig through walls and to a lower floor.
Your four strong arms can wield two-handed weapons with a shield.
You have a pair of large antennae on your head. (SInv)


Message History

You barely miss Grinder.
Grinder is severely wounded.
Grinder hits you but does no damage.
You closely miss Grinder.
Grinder is severely wounded.
Grinder hits you.
You writhe in agony.
* * * LOW HITPOINT WARNING * * *
You block Grinder's attack.
You are too injured to fight recklessly!
You barely miss Grinder.
Grinder is severely wounded.
Grinder gestures at you. Pain shoots through your body!
* * * LOW HITPOINT WARNING * * *
You hit Grinder.
Grinder is almost dead.
Grinder grins, showing sharp teeth.
Grinder gestures at you. Pain shoots through your body!
You die...

### ### ..# ##.# <..
##..# #.# ##...# #.#
######....### #.#
###......#.5#.## #.##
#.'.#######@._.#
...###.#....†.#.)#.##
...<...######....# #
..[######## ##...#
........... ##..#
########### ##.# ###


You could see Grinder.

Vanquished Creatures
  2 adders (D:2)
  An ooze (D:1)
  3 dart slugs (D:1)
  An orc (D:3)
  4 bats
  2 giant cockroaches (D:3)
  3 goblins
  6 hobgoblins
  4 kobolds
  6 rats
32 creatures vanquished.

Notes
Turn   | Place    | Note
-------+----------+-------------------------------------------
     0 | D:1      | Llamajah the Formicid Fighter began the quest for the Orb.
     0 | D:1      | Reached XP level 1. HP: 18/18 MP: 1/1
    76 | D:1      | Reached XP level 2. HP: 21/24 MP: 2/2
   170 | D:1      | Reached skill level 1 in Dodging
   194 | D:1      | Reached XP level 3. HP: 28/29 MP: 3/3
   378 | D:2      | Reached skill level 4 in Shields
   700 | D:2      | Reached XP level 4. HP: 35/37 MP: 4/4
  1054 | D:3      | Found a glowing golden altar of the Shining One.
  1055 | D:3      | Noticed Grinder
  1073 | D:3      | Killed from afar by Grinder

Skill      XL: |  1  2  3 |
---------------+----------+-----
Dodging        | 1 |  1.7
Shields        | 4 |  4.1
Fighting       | |  3.7
Axes           | |  2.2
Armour         | |  3.6

Action                   |  1- 3 |  4- 6 || total
-------------------------+-------+-------++-------
Melee: War axe           |    69 |    29 ||    98
  Eat: Chunk             |       |     1 ||     1
Armor: Scale mail        |    37 |     7 ||    44
Dodge: Dodged            |    21 |    11 ||    32
Block: Shield            |    40 |    11 ||    51
